 Dungeon Crawl Stone Soup version 0.31-a0-263-ge8cad7f256 (webtiles) character file.

Game seed: 1134950919344691895

32 qw the Shooter (level 3, 0/29 HPs)
             Began as a Minotaur Hexslinger on July 13, 2023.
             Slain by Terence
             ... wielding a +0 flail
              (1 damage)
             ... on level 2 of the Dungeon.
             The game lasted 00:00:21 (1138 turns).

qw the Shooter (Minotaur Hexslinger)                Turns: 1138, Time: 00:00:22

Health: 0/29       AC:  5    Str: 12    XL:     3   Next: 8%
Magic:  3/3        EV: 11    Int: 10    God:
Gold:   55         SH:  0    Dex: 14    Spells: 3/4 levels left

rFire   . . .        Y - +1 sling
rCold   . . .        (no shield)
rNeg    . . .        d - +0 ring mail
rPois   .            (helmet restricted)
rElec   .            (no cloak)
rCorr   .            (no gloves)
SInv    +            (no boots)
Will    .....        (no amulet)
Stlth   +            h - ring of see invisible
HPRegen 0.24/turn    (no ring)
MPRegen 0.08/turn

%: no passive effects
@: no status effects
A: horns 2, retaliatory headbutt
a: no special abilities


You were on level 2 of the Dungeon.
You visited 1 branch of the dungeon, and saw 2 of its levels.

You collected 55 gold pieces.


Innate Abilities, Weirdness & Mutations

You have a pair of horns on your head.
You reflexively headbutt those who attack you in melee.


   Skills:
 - Level 2.0 Fighting
 + Level 3.6 Ranged Weapons
 - Level 2.1 Dodging
 - Level 1.0 Spellcasting
 - Level 2.0 Hexes


You had 3 spell levels left.
You knew the following spells:

 Your Spells              Type           Power      Damage    Failure   Level
a - Slow                  Hex            16%        N/A       34%         1

Your spell library contained the following spells:

 Spells                   Type           Power      Damage    Failure   Level
 Inner Flame              Hex/Fire       2%         N/A       83%         3
 Portal Projectile        Hex/Tloc       4%         N/A       83%         3
 Cause Fear               Hex            2%         N/A       98%         4

Inventory:

Hand Weapons
 Y - a +1 sling (weapon)
Armour
 d - a +0 ring mail (worn)
Jewellery
 h - a ring of see invisible (left hand)
Scrolls
 a - a scroll of identify
Potions
 e - a potion of lignification {unknown}

Dungeon Overview and Level Annotations

Branches:
Dungeon (2/15)

Altars:

Annotations:
D:2 Terence


Message History

The giant cockroach is moderately wounded.
The giant cockroach barely misses you. You furiously retaliate!
You headbutt the giant cockroach.
You kill the giant cockroach!
You see here a giant cockroach corpse.
A rat comes into view.
You shoot a sling bullet. The sling bullet hits the rat.
The rat is severely wounded.
You shoot a sling bullet. The sling bullet hits the rat.
You kill the rat!
You now have 55 gold pieces (gained 14).
Found a stone staircase leading down.
Terence the Incautious comes into view.
He is wielding a +0 flail.
Found 14 gold pieces.
Terence shouts!
You shoot a sling bullet.
The sling bullet hits Terence but does no damage.
You shoot a sling bullet.
The sling bullet hits Terence but does no damage.
You shoot a sling bullet. The sling bullet hits Terence.
Terence is lightly wounded.
You shoot a sling bullet.
The sling bullet hits Terence but does no damage.
Terence is lightly wounded.
You shoot a sling bullet.
The sling bullet closely misses Terence.
Terence hits you with a +0 flail!
You shoot a sling bullet. The sling bullet hits Terence.
Terence is moderately wounded.
Terence hits you with a +0 flail.
You shoot a sling bullet.
The sling bullet closely misses Terence.
Terence closely misses you. Terence hits you with a +0 flail!
You shoot a sling bullet. The sling bullet hits Terence.
Terence is heavily wounded.
Terence asks, "Do you want it fast or slow?"
Terence hits you with a +0 flail.
You shoot a sling bullet. The sling bullet barely misses Terence.
Terence hits you with a +0 flail.
You die...

#..# #.# #..# #.# #..#
#.# #..# #.## #
...#######%.# $#.
............# ....
#...........# .....
######..##..######...>..
#..........@@.?....
#..##..#######...##
##..##..## ##
....#....##
###.#.....#####
#............
#.......#.###
#.......#.# ###....## #


You could see Terence.

Vanquished Creatures
  2 dart slugs (D:1)
  A bat (D:1)
  3 endoplasms
  3 giant cockroaches
  3 goblins (D:1)
  2 hobgoblins (D:1)
  4 kobolds
  A quokka (D:1)
  A ball python (D:1)
  2 frilled lizards
  2 rats (D:2)
24 creatures vanquished.

Notes
Turn   | Place    | Note
-------+----------+-------------------------------------------
     0 | D:1      | qw the Minotaur Hexslinger began the quest for the Orb.
     0 | D:1      | Reached XP level 1. HP: 16/16 MP: 1/1
     0 | D:1      | 0 ||| qw: Version: 0.3-a-52-g30416fa
     0 | D:1      | 0 ||| qw: Game counter: 7393
     0 | D:1      | 0 ||| qw: Melee chars always use a shield: true
     0 | D:1      | 0 ||| qw: God list: Okawaru
     0 | D:1      | 0 ||| qw: Allow faded altars: false
     0 | D:1      | 0 ||| qw: Do Orc after clearing Dungeon:15 true
     0 | D:1      | 0 ||| qw: Do second Lair branch before Depths: true
     0 | D:1      | 0 ||| qw: Lair rune preference: random
     0 | D:1      | 0 ||| qw: Goals: Normal
     0 | D:1      | 0 ||| PLANNING D:1-11
   318 | D:1      | Reached skill level 3 in Ranged Weapons
   320 | D:1      | Reached XP level 2. HP: 23/23 MP: 2/2
   794 | D:1      | 794 ||| FLEEEEING.
   795 | D:1      | 795 ||| FLEEEEING.
   796 | D:1      | 796 ||| FLEEEEING.
   797 | D:1      | 797 ||| FLEEEEING.
   798 | D:1      | 798 ||| FLEEEEING.
   965 | D:1      | 965 ||| UPGRADING to +0 ring mail.
   975 | D:1      | 975 ||| DROPPING +0 robe.
   976 | D:1      | 976 ||| UPGRADING to ring of see invisible.
   977 | D:1      | 977 ||| READING 2 scrolls labelled UHUUPT WICRIOG.
   978 | D:1      | 978 ||| READING scroll labelled DYSHEL VULALIG.
   979 | D:1      | 979 ||| DROPPING scroll of poison.
  1063 | D:2      | Reached XP level 3. HP: 29/29 MP: 3/3
  1129 | D:2      | Noticed Terence
  1136 | D:2      | HP: 6/29 [Terence/+0 flail (7)]
  1137 | D:2      | HP: 1/29 [Terence/+0 flail (5)]
  1138 | D:2      | Slain by Terence

Levels and vault maps discovered:
D:1:      dpeg_arrival_water_temple_mockup, layout_loops_corners
D:2:      layout_loops_ring, basic_altar, uniq_terence, uniq_jessica

Skill      XL: |  1  2 |
---------------+-------+-----
Ranged Weapons | 3 |  3.6
Fighting       | 2 |  2.0
Dodging        | |  2.1
Spellcasting   | |  1.0
Hexes          | |  2.0

Action                     || total
---------------------------++-------
   Fire: Sling             ||    84
    Use: Scroll            ||     2
 Armour: Robe              ||     2
         Ring mail         ||     1
  Dodge: Dodged            ||    12

Table legend:
 A = Non-vault XP
 B = Vault XP
 C = Vault XP percentage of total XP
 D = Non-vault monster count
 E = Vault monster count
 F = Vault count percentage of total count
                 A         B        C        D         E       F
            +---------+---------+-------+---------+---------+-------
      Total |      46 |       0 |   0.0 |      24 |       0 |   0.0
            +---------+---------+-------+---------+---------+-------
        D:1 |      37 |       0 |   0.0 |      18 |       0 |   0.0
        D:2 |       9 |       0 |   0.0 |       6 |       0 |   0.0
            +---------+---------+-------+---------+---------+-------
